 Dungeon Crawl Stone Soup version 0.18.1-48-g4cf74bf (webtiles) character file.

5961 Mesmaeker13 the Archer (level 10, -3/91 HPs)
             Began as a Centaur Hunter on Aug 12, 2016.
             Was a Priest of Okawaru.
             Shot with an arrow by a centaur warrior (8 damage)
             ... on level 10 of the Dungeon.
             The game lasted 00:28:25 (13608 turns).

Mesmaeker13 the Archer (Centaur Hunter)            Turns: 13608, Time: 00:28:26

Health: -3/91      AC: 13    Str: 15    XL:     10   Next: 54%
Magic:  10/10      EV:  6    Int: 10    God:    Okawaru [***...]
Gold:   575        SH:  0    Dex: 13    Spells: 0 memorised, 9 levels left

rFire  + . .     SeeInvis +     l - +3 quarterstaff (chaos)
rCold  + . .     Gourm    +     Q - +2 chain mail {rC+}
rNeg   . . .     Faith    .     (shield currently unavailable)
rPois  .         Spirit   .     (no helmet)
rElec  .         Dismiss  .     v - +1 cloak
rCorr  .         Reflect  .     e - +0 pair of gloves
SustAt .         Harm     .     (no barding)
MR     .....                    u - amulet of the gourmand
Stlth  ..........               s - ring of protection from fire
                                q - ring of see invisible

@: about to teleport, very quick, not resistant to hostile enchantments,
extremely unstealthy
A: hooves 3, deformed body, speed 2, tough skin 3
a: Heroism, Renounce Religion


You were on level 10 of the Dungeon.
You worshipped Okawaru.
Okawaru was most pleased with you.
You were completely stuffed.

You visited 2 branches of the dungeon, and saw 11 of its levels.
You also visited: Ossuary.

You collected 575 gold pieces.

Inventory:

Hand Weapons
 a - a +2 shortbow
 g - a +0 antimagic war axe
 l - a +3 quarterstaff of chaos (weapon)
 o - a +3 battleaxe
Missiles
 d - 54 arrows
Armour
 e - a +0 pair of gloves (worn)
 v - a +1 cloak (worn)
 Q - a +2 chain mail of cold resistance (worn)
Jewellery
 i - an uncursed amulet of rage
 j - an uncursed ring of protection from cold
 q - a ring of see invisible (left hand)
 s - a ring of protection from fire (right hand)
 u - an amulet of the gourmand (around neck)
 G - an uncursed ring of magical power
 J - an uncursed ring of protection from cold
 W - an uncursed ring of ice
Wands
 Y - a wand of teleportation (2/9)
Scrolls
 c - a scroll of teleportation
 m - 5 scrolls of fog
 p - a scroll of blinking
 t - 2 scrolls of acquirement {unknown}
 w - a scroll of enchant armour
 y - a scroll of amnesia
 B - 5 scrolls of remove curse
 H - 2 scrolls of enchant weapon
 M - a scroll of recharging {unknown}
 N - a scroll of brand weapon {unknown}
 T - a scroll of torment {unknown}
Potions
 b - a potion of flight {unknown}
 h - 2 potions of cancellation {unknown}
 r - a potion of brilliance
 x - 5 potions of haste {unknown}
 C - 2 potions of might {unknown}
 E - 3 potions of berserk rage {unknown}
 F - a potion of mutation {unknown}
 P - a potion of ambrosia {unknown}
 R - a potion of invisibility {unknown}
 S - a potion of heal wounds
 U - 2 potions of degeneration {unknown}
Books
 A - a Fen Folio

   Spells                             Type                      Level
   a - Corpse Rot                     Necromancy                   2
   b - Stone Arrow                    Conjuration/Earth            3
   c - Leda's Liquefaction            Hexes/Earth                  4
   d - Summon Forest                  Summoning/Translocation      5
   e - Hydra Form                     Transmutation                6
   f - Summon Hydra                   Summoning                    7
Miscellaneous
 n - a stone of tremors
Comestibles
 f - 7 bread rations
 k - 7 meat rations
 K - 2 beef jerkies
 L - 2 fruits


   Skills:
 + Level 9.4 Fighting
 + Level 12.8 Bows
 + Level 4.3 Armour
 - Level 5.5 Dodging
 - Level 0.5 Stealth


You had 9 spell levels left.
You didn't know any spells.

Dungeon Overview and Level Annotations

Branches:
Dungeon (10/15)            Temple (1/1) D:7            Lair (0/8) D:9
    Orc: D:9-12

Altars:
Ashenzari
Cheibriados
Dithmenos
Elyvilon
Fedhas
Gozag
Kikubaaqudgha
Makhleb
Nemelex Xobeh
Okawaru
Pakellas
Qazlal
Ru
Sif Muna
Trog
Vehumet
Xom
Yredelemnul
Zin
The Shining One

Annotations:
Abyss:1 Duvessa, Edmund


Innate Abilities, Weirdness & Mutations

You have hooves in place of feet.
Armour fits poorly on your strangely shaped body.
You cover ground very quickly.
You have extremely tough skin (AC +3).


Message History

Okay, then.
Read which item? (? for menu, Esc to quit)
Okay, then.
Drink which item? (? for menu, Esc to quit)
Okay, then.
Evoke which item? (* to show all) (? for menu, Esc to quit)
Zapping:
Y - a wand of teleportation (3/9)
Press: ? - help, Shift-Dir - straight line, f - you You feel strangely unstable.
This wand has 2 charges left.
The centaur warrior hits you.
* * * LOW HITPOINT WARNING * * *
You see here 2 arrows.
The centaur warrior wields an uncursed shortbow.
The centaur warrior shoots an arrow.
The arrow hits you.
* * * LOW HITPOINT WARNING * * *
There is an open door, spattered with blood here.
The centaur warrior shoots an arrow.
The arrow hits you!
* * * LOW HITPOINT WARNING * * *
The centaur warrior shoots an arrow.
The arrow hits you!
You die...

#......................†.†...
#.........................###
#.#######...######........#
#.# ##....# #.####...# #.#
##.....## #.# #...# #.#
##.#####.####.## #...# #.#
#.##[..##......# #...# #.#
##.#(....'.####..##...# #.#
#..#....@### ##.##...#
#.###..#.....# #.##...###
#......##...'#+ #.##......
#.......#####(# ##.##......
#..........[#c#####..........
#......>...##W##.............
########...#.$$#.#####..#####
#...##.##.# #..# #....###..#
#..#


You could see a centaur warrior and a wraith.

Vanquished Creatures
  An elephant (D:9)
  A merfolk (D:9)
  2 two-headed ogres
  Sigmund (D:6)
  A yak (D:9)
  2 wraiths (Ossuary)
  2 wyverns
  A water moccasin (D:10)
  The ghost of Mizofix the Ducker, an amateur TrFi (D:6)
  4 necrophages
  2 ice beasts
  An orc warrior (D:10)
  A black bear (D:10)
  A phantom (D:5)
  2 sky beasts
  A centaur (D:6)
  The ghost of daning the Charmwright, an amateur HESk (D:4)
  6 ogres
  2 crocodiles
  A wyvern zombie (D:8)
  A giant frog (D:10)
  Dowan (D:6)
  A water moccasin skeleton (D:9)
  2 scorpions
  3 killer bees
  5 wights
  2 howler monkeys
  A giant frog zombie (D:9)
  3 crimson imps
  2 jellies
  2 orc priests (D:6)
  Crazy Yiuf (D:5)
  2 centaur skeletons (D:5)
  2 centaur zombies
  6 hounds
  2 orc wizards
  2 giant frog skeletons
  Terence (D:2)
  4 iguanas
  6 worker ants
  A sheep (D:9)
  A hound zombie (D:7)
  2 hound skeletons
  3 gnolls (D:6)
  12 adders
  An ooze (D:3)
  An adder zombie (D:5)
  An adder skeleton (D:4)
  3 worms (D:2)
  2 dart slugs (D:1)
  3 giant geckos
  26 orcs
  8 giant cockroaches
  5 goblins
  A hobgoblin (D:1)
  12 jackals
  3 quokkas
  3 ball pythons
  3 ball python skeletons
  8 bats
  2 giant newts
  A hobgoblin skeleton (Ossuary)
  3 hobgoblin zombies (Ossuary)
  5 kobolds
  A kobold zombie (Ossuary)
  2 orc skeletons (Ossuary)
  A quokka skeleton (D:6)
  A quokka zombie (D:9)
  3 rats
201 creatures vanquished.

Notes
Turn   | Place    | Note
--------------------------------------------------------------
     0 | D:1      | Mesmaeker13 the Centaur Hunter began the quest for the Orb.
     0 | D:1      | Reached XP level 1. HP: 17/17 MP: 1/1
    99 | D:1      | Reached XP level 2. HP: 14/24 MP: 2/2
   926 | D:2      | Reached XP level 3. HP: 19/30 MP: 3/3
  1177 | D:2      | Found a bloodstained altar of Trog.
  1281 | D:2      | Found an ancient bone altar of Kikubaaqudgha.
  1464 | D:2      | Noticed Terence
  1490 | D:2      | Killed Terence
  1490 | D:2      | Reached skill level 6 in Bows
  1694 | D:2      | Reached XP level 4. HP: 37/37 MP: 4/4
  2108 | D:3      | Found a faded altar to an unknown god.
  2597 | D:3      | Reached XP level 5. HP: 32/45 MP: 5/5
  2783 | D:4      | Noticed daning's ghost (amateur HESk)
  2811 | D:4      | Killed daning's ghost
  2811 | D:4      | Reached skill level 7 in Bows
  3148 | D:4      | Reached XP level 6. HP: 36/52 MP: 6/6
  4844 | D:5      | Entered Level 5 of the Dungeon
  5012 | D:5      | Reached skill level 8 in Bows
  5012 | D:5      | Reached XP level 7. HP: 41/60 MP: 2/7
  5118 | D:5      | Found an ancient bone altar of Kikubaaqudgha.
  5234 | D:5      | Reached skill level 5 in Fighting
  5657 | D:5      | Noticed Crazy Yiuf
  5746 | D:5      | Killed Crazy Yiuf
  6224 | D:6      | Noticed Duvessa
  6224 | D:6      | Noticed Dowan
  6224 | D:6      | Noticed Mizofix's ghost (amateur TrFi)
  6319 | D:6      | Found a sand-covered staircase.
  6324 | Ossuary  | Entered an ossuary
  6412 | Ossuary  | Noticed a flying skull
  6412 | Ossuary  | Noticed a wraith
  6444 | Ossuary  | Noticed a flying skull
  6450 | Ossuary  | Noticed a flying skull
  6454 | Ossuary  | Reached skill level 9 in Bows
  6454 | Ossuary  | Reached XP level 8. HP: 61/69 MP: 8/8
  6604 | Ossuary  | Noticed a flying skull
  7010 | D:6      | Found a radiant altar of Vehumet.
  7010 | D:6      | Found an opulent altar of Gozag.
  7011 | D:6      | Found a blossoming altar of Fedhas.
  7012 | D:6      | Found a basalt altar of Yredelemnul.
  7012 | D:6      | Found a deep blue altar of Sif Muna.
  7012 | D:6      | Found a burning altar of Makhleb.
  7031 | D:6      | Found a shadowy altar of Dithmenos.
  7426 | D:6      | Killed Mizofix's ghost
  7426 | D:6      | Reached skill level 10 in Bows
  7624 | D:6      | Reached skill level 5 in Dodging
  7742 | D:6      | Noticed Edmund
  7742 | D:6      | Noticed Sigmund
  7783 | D:6      | Banished Edmund
  7788 | D:6      | Killed Sigmund
  7788 | D:6      | Reached XP level 9. HP: 71/78 MP: 9/9
  8298 | D:6      | Killed Dowan
  8306 | D:6      | Banished Duvessa
  8539 | D:7      | Found a staircase to the Ecumenical Temple.
  8551 | Temple   | Entered the Ecumenical Temple
  8728 | Temple   | Became a worshipper of Warmaster Okawaru
  8817 | D:7      | Found an iron altar of Okawaru.
  8913 | D:7      | Noticed an angel
  8914 | D:7      | Found a shimmering altar of Xom.
  8914 | D:7      | Found a glowing silver altar of Zin.
  9408 | D:7      | Reached skill level 11 in Bows
  9728 | D:8      | Reached skill level 1 in Armour
 10901 | D:9      | Reached * piety under Okawaru
 11177 | D:9      | Found a sparkling altar of Nemelex Xobeh.
 11277 | D:9      | Noticed a merfolk
 11293 | D:9      | Killed a merfolk
 11293 | D:9      | Reached skill level 12 in Bows
 11293 | D:9      | Reached XP level 10. HP: 52/90 MP: 10/10
 11522 | D:9      | Noticed an elephant
 11559 | D:9      | Killed an elephant
 11559 | D:9      | Reached ** piety under Okawaru
 11565 | D:10     | Entered Level 10 of the Dungeon
 11968 | D:9      | Found a staircase to the Lair.
 13084 | D:10     | Reached *** piety under Okawaru
 13587 | D:10     | Noticed a centaur warrior
 13608 | D:10     | Shot with an arrow by a centaur warrior

Skill      XL: |  1  2  3  4  5  6  7  8  9 10 |
---------------+-------------------------------+-----
Bows           | 6 7 8 9 10 12 | 12.8
Dodging        | 2 3 4 5 |  5.5
Fighting       | 3 4 5 6 8 9 |  9.4
Armour         | 3 4 |  4.3
Stealth        | |  0.5

Action                   |  1- 3 |  4- 6 |  7- 9 | 10-12 || total
-------------------------+-------+-------+-------+-------++-------
Melee: Short sword       |   117 |   121 |       |       ||   238
       Kick              |    18 |    54 |    51 |    22 ||   145
       War axe           |       |    83 |    52 |       ||   135
       Quarterstaff      |       |       |   160 |    86 ||   246
 Fire: Shortbow          |    13 |    91 |   274 |   109 ||   487
Evoke: Wand              |       |       |       |     2 ||     2
  Use: Potion            |     1 |     2 |     2 |       ||     5
       Scroll            |       |    10 |     7 |       ||    17
  Eat: Chunk             |     2 |    11 |    14 |     9 ||    36
       Bread ration      |       |     1 |       |       ||     1
       Pizza             |       |     1 |       |       ||     1
Armor: Leather armour    |    12 |       |       |       ||    12
       Ring mail         |    41 |   107 |    77 |       ||   225
       Skin              |     9 |     6 |       |       ||    15
       Chain mail        |       |       |    65 |    90 ||   155
Dodge: Dodged            |    53 |   109 |   110 |    39 ||   311
